 Dungeon Crawl Stone Soup version 0.31-a0-876-gfe8ebadbca (webtiles) character file.

Game seed: 7801375704070773945

4 kae the Vexing (level 1, 0/13 HPs)
             Began as a Demonspawn Enchanter on Oct 13, 2023.
             Frozen to death by an endoplasm (3 damage)
             ... on level 1 of the Dungeon.
             The game lasted 00:00:12 (152 turns).

kae the Vexing (Demonspawn Enchanter)                Turns: 152, Time: 00:00:13

Health: 0/13       AC:  2    Str:  8    XL:     1   Next: 58%
Magic:  3/3        EV: 12    Int: 16    God:
Gold:   0          SH:  0    Dex: 13    Spells: 4/4 levels left

rFire   . . .        a - +1 dagger
rCold   . . .        (no shield)
rNeg    . . .        b - +0 robe
rPois   .            (no helmet)
rElec   .            (no cloak)
rCorr   .            (no gloves)
SInv    .            (no boots)
Will    .....        (no amulet)
Stlth   ++           (no ring)
HPRegen 0.22/turn    (no ring)
MPRegen 0.08/turn

%: no passive effects
@: no status effects
A: no striking features
a: no special abilities


You were on level 1 of the Dungeon.
You visited 1 branch of the dungeon, and saw 1 of its levels.


   Skills:
 + Level 0.1 Fighting
 * Level 1.0 Short Blades
 + Level 1.8 Dodging
 + Level 2.7 Stealth
 + Level 2.0 Spellcasting
 * Level 3.1 Hexes


You had 4 spell levels left.
You didn't know any spells.
Your spell library contained the following spells:

 Spells                   Type           Power      Damage    Failure   Level
 Ensorcelled Hibernation  Hex/Ice        12%        N/A       17%         2
 Confusing Touch          Hex            11%        N/A       17%         3
 Tukima's Dance           Hex            11%        N/A       17%         3
 Dazzling Flash           Conj/Hex       12%        N/A       32%         3

Inventory:

Hand Weapons
 a - a +1 dagger (weapon)
Missiles
 d - 4 poisoned darts
 e - 9 stones
Armour
 b - a +0 robe (worn)
Potions
 c - 2 potions of invisibility
 f - 2 potions of might {unknown}
 g - a potion of enlightenment {unknown}
 h - a potion of resistance {unknown}

Dungeon Overview and Level Annotations

Branches:
Dungeon (1/15) Zot: 5847

Altars:

# #### #.####..## ###........##
............######### #
###.###.##..####...###.
#...##.##..###....###.
#......##..###....###.
###.......#..##..#...#..
............##.@#..##.....
....♣.♣.♣....##.J..###...#
..............##...###...#
...♣.♣.♣......###### ...#
....#+#.###.......########
........#............#...#
........#.........#...##.#
........#................######
........####....###............


You could see an endoplasm.


Message History

You kill the endoplasm! 😮 HP[+1]
g - a metallic sapphire potion 😕 HP[+2]
You regained 2 hp, and now have 11/13 hp.
No target in view!
No target in view!
A kobold comes into view. It is wielding a +0 short sword.
You see here a clear potion. 😎 HP[+2]
Your hp is fully restored (13).
A kobold is nearby!
A kobold is nearby!
A kobold is nearby!
The helpless kobold fails to defend itself.
You puncture the kobold!
You kill the kobold!
Your Short Blades skill increases to level 1!
e - 9 stones (gained 4)
You see here a +0 short sword.
Key pressed, stopping explore.
No target in view!
No target in view!
h - a clear potion No target in view!
No target in view!
Key pressed, stopping explore.
No target in view!
No target in view!
Key pressed, stopping explore.
No target in view!
No target in view!
A frilled lizard comes into view.
No reachable target in view!
No reachable target in view!
A frilled lizard is nearby!
No reachable target in view!
No reachable target in view!
A frilled lizard is nearby!
No reachable target in view!
No reachable target in view!
A frilled lizard is nearby!
No reachable target in view!
No reachable target in view!
The frilled lizard hisses angrily.
A hobgoblin comes into view.
The hobgoblin shouts!
The frilled lizard bites you. 😕 HP[-1]
You take 1 damage, and now have 12/13 hp.
An endoplasm comes into view.
The frilled lizard misses you.
You hit the frilled lizard but do no damage.
The frilled lizard barely misses you.
You hit the hobgoblin.
The hobgoblin hits you but does no damage.
The frilled lizard bites you but does no damage. 😎 HP[+1]
Your hp is fully restored (13).
You hit the hobgoblin but do no damage. The hobgoblin hits you.
You hit the hobgoblin. Your punch misses the hobgoblin.
The frilled lizard bites you. The hobgoblin hits you.
* * * LOW HITPOINT WARNING * * *
😨 HP[-9]
You take 9 damage, and now have 4/13 hp.
MASSIVE DAMAGE!! (PAUSE)
You barely miss the hobgoblin. The frilled lizard barely misses you.
The hobgoblin hits you.
* * * LOW HITPOINT WARNING * * *
😱 HP[-2]
You take 2 damage, and now have 2/13 hp.
You hit the hobgoblin.
You kill the hobgoblin!
The frilled lizard barely misses you.
Unknown command.
The frilled lizard misses you. 😱 HP[+1]
The frilled lizard attacks as it pursues you!
The frilled lizard barely misses you.
The endoplasm attacks as it pursues you!
The endoplasm closely misses you.
Unknown command.
Okay, then.
You closely miss the frilled lizard. You punch the frilled lizard.
The frilled lizard barely misses you.
The endoplasm jiggles.
You hit the frilled lizard.
You kill the frilled lizard!
You hit the endoplasm but do no damage. The endoplasm misses you. 😨 HP[+1]
You barely miss the endoplasm. The endoplasm freezes you.
You are frozen.
* * * LOW HITPOINT WARNING * * *
😱 HP[-1]
You take 1 damage, and now have 3/13 hp.
You hit the endoplasm. The endoplasm freezes you.
You are frozen.
You die...

Skill      XL: |  1 |
---------------+----+-----
Short Blades   | 1 |  1.0
Fighting       | |  0.1
Dodging        | |  1.8
Stealth        | |  2.7
Spellcasting   | |  2.0
Hexes          | |  3.1

Action                     || total
---------------------------++-------
  Melee: Dagger            ||    15
         Punch             ||     1
   Stab: Sleeping          ||     1
 Armour: Robe              ||     8
  Dodge: Dodged            ||    10

Levels and vault maps discovered:
D:1:      dpeg_arrival_short_road, layout_basic, serial_forest,
          infiniplex_forest_zigzag_1, infiniplex_forest_lined_3_way,
          infiniplex_forest_straight_3, infiniplex_forest_lined_room_2,
          infiniplex_forest_clump_double, infiniplex_forest_lined_2,
          infiniplex_forest_lined_1, infiniplex_forest_clump_large,
          nrook_mini_backslash, hangedman_glass_teeth

Notes
Turn   | Place    | Note
-------+----------+-------------------------------------------
     0 | D:1      | kae the Demonspawn Enchanter began the quest for the Orb.
     0 | D:1      | Reached XP level 1. HP: 13/13 MP: 3/3
     0 | D:1      | magus.rc [v1.11.3]
    93 | D:1      | Reached skill level 1 in Short Blades
   143 | D:1      | HP: 2/13 [hobgoblin (2)]
   151 | D:1      | HP: 3/13 [frozen (1)]
   152 | D:1      | Frozen to death by an endoplasm

Vanquished Creatures
  An endoplasm (D:1)
  A hobgoblin (D:1)
  A kobold (D:1)
  A frilled lizard (D:1)
4 creatures vanquished.

Table legend:
 A = Non-vault XP
 B = Vault XP
 C = Vault XP percentage of total XP
 D = Non-vault monster count
 E = Vault monster count
 F = Vault count percentage of total count
                 A         B        C        D         E       F
            +---------+---------+-------+---------+---------+-------
      Total |       7 |       0 |   0.0 |       4 |       0 |   0.0
            +---------+---------+-------+---------+---------+-------
        D:1 |       7 |       0 |   0.0 |       4 |       0 |   0.0
            +---------+---------+-------+---------+---------+-------

Skill      XL: |  1 |
---------------+----+-----
Short Blades   | 1 |  1.0
Fighting       | |  0.1
Dodging        | |  1.8
Stealth        | |  2.7
Spellcasting   | |  2.0
Hexes          | |  3.1

Action                     || total
---------------------------++-------
  Melee: Dagger            ||    15
         Punch             ||     1
   Stab: Sleeping          ||     1
 Armour: Robe              ||     8
  Dodge: Dodged            ||    10

Illustrated notes

Table legend:
 A = Kills in this place as a percentage of kills in the entire game.
 B = Kills by you in this place as a percentage of kills by you in the entire game.
 C = Kills by friends in this place as a percentage of kills by friends in the entire game.
 D = Other kills in this place as a percentage of other kills in the entire game.
 E = Experience gained in this place as a percentage of experience gained in the entire game.
 F = Experience gained in this place divided by the number of levels of this place that you have seen.
                   A       B       C       D       E      F
               +-------+-------+-------+-------+-------+----------------------
         Total | 100.0 | 100.0 |   N/A |   N/A | 100.0 |   7.0
       Dungeon | 100.0 | 100.0 |   N/A |   N/A | 100.0 |   7.0
               +-------+-------+-------+-------+-------+----------------------

Table legend: (Time is in decaauts)
 A = Elapsed time spent in this place.
 B = Non-inter-level travel time spent in this place.
 C = Inter-level travel time spent in this place.
 D = Time resting spent in this place.
 E = Time spent auto-exploring this place.
 F = Levels seen in this place.
 G = Mean time per level.
                   A        B        C        D        E       F      G
               +--------+--------+--------+--------+--------+-----+--------+
         Total |    151 |    151 |      0 |      0 |    112 |   1 |  151.0 |
       Dungeon |    151 |    151 |      0 |      0 |    112 |   1 |  151.0 |
               +--------+--------+--------+--------+--------+-----+--------+

Top non-repeatable levels by time:
     D:1: 151 daAuts
